 Dungeon Crawl Stone Soup version 0.29.0-4-gdea44cf6ec (webtiles) character file.

Game seed: 7257766275088879701

142 qw the Chopper (level 5, -5/41 HPs)
             Began as a Ghoul Summoner on Sept 10, 2022.
             Slain by an ogre
             ... wielding a +0 giant spiked club
              (29 damage)
             ... on level 3 of the Dungeon.
             The game lasted 00:01:07 (2811 turns).

qw the Chopper (Ghoul Summoner)                     Turns: 2811, Time: 00:01:08

Health: -5/41      AC:  7    Str: 14    XL:     5   Next: 24%
Magic:  6/6        EV:  9    Int: 10    God:
Gold:   78         SH:  0    Dex:  9    Spells: 6/7 levels left

rFire   . . .      SeeInvis .   Y - +0 war axe
rCold   + . .      Faith    .   (no shield)
rNeg    + + +      Spirit   .   d - +0 scale mail
rPois   inf        Reflect  .   (no helmet)
rElec   .          Harm     .   (no cloak)
rCorr   .          Rampage  .   j - +0 pair of gloves
Will    .....                   (no boots)
Stlth   ..........              (no amulet)
HPRegen 0.00/turn               (no ring)
MPRegen 0.10/turn               (no ring)

@: inhibited regen
A: claws 1, cold resistance 1, negative energy resistance 3, inhibited
regeneration, torment resistance 2, devour on kill
a: no special abilities


You were on level 3 of the Dungeon.
You visited 1 branch of the dungeon, and saw 3 of its levels.

You collected 78 gold pieces.


Innate Abilities, Weirdness & Mutations

You are immune to poison.
You have sharp fingernails.
Your flesh is cold resistant. (rC+)
You are immune to negative energy. (rN+++)
You do not regenerate when monsters are visible.
You are immune to unholy pain and torment.
You thrive by killing the living.


   Skills:
 - Level 2.0 Fighting
 + Level 3.8 Axes
 - Level 1.7 Dodging
 - Level 2.1 Stealth
 - Level 1.7 Spellcasting
 - Level 3.6 Summonings


You had 6 spell levels left.
You knew the following spells:

 Your Spells              Type           Power      Damage    Failure   Level
a - Summon Small Mammal   Summ           32%        N/A       32%         1

Your spell library contained the following spells:

 Spells                   Type           Power      Damage    Failure   Level
 Call Imp                 Summ           8%         N/A       45%         2
 Call Canine Familiar     Summ           8%         N/A       69%         3
 Summon Guardian Golem    Hex/Summ       4%         N/A       91%         3
 Summon Lightning Spire   Summ/Air       4%         N/A       100%        4

Inventory:

Hand Weapons
 a - a +0 whip
 Y - a +0 war axe (weapon)
Armour
 d - a +0 scale mail (worn)
 j - a +0 pair of gloves (worn)
Scrolls
 b - a scroll of enchant weapon {unknown}
Potions
 c - a potion of attraction {unknown}
 f - a potion of invisibility {unknown}
 g - a potion of lignification {unknown}
 h - 2 potions of heal wounds
 k - 3 potions of curing
 l - a potion of cancellation {unknown}

Dungeon Overview and Level Annotations

Branches:
Dungeon (3/15)

Altars:


Message History

A jackal and a hobgoblin come into view.
The hobgoblin shouts!
A kobold comes into view.
It is wielding a +0 dagger and quivering poisoned darts.
2797 ||| Stepping ~*~*~tactically~*~*~ (stealth).
An adder comes into view.
2799 ||| Stepping ~*~*~tactically~*~*~ (stealth).
You hit the jackal.
You kill the jackal!
You closely miss the hobgoblin. The hobgoblin hits you.
You hit the hobgoblin.
The hobgoblin is almost dead.
The hobgoblin barely misses you.
You slash the hobgoblin!
You kill the hobgoblin!
You feel better.
An ogre comes into view. It is wielding a +0 giant spiked club.
The ogre shouts!
You see here a hobgoblin corpse.
2806 ||| Stepping ~*~*~tactically~*~*~ (stealth).
The adder hisses angrily.
The ogre hits you with a +0 giant spiked club!
You see here a hobgoblin corpse.
You slash the ogre! You punch the ogre, but do no damage.
The ogre is moderately wounded.
The ogre hits you but does no damage.
You hit the ogre.
The ogre is heavily wounded.
The ogre barely misses you.
You hit the ogre.
The ogre is heavily wounded.
You miss the adder. The adder bites you but does no damage.
The ogre barely misses you.
You slash the ogre!
The ogre is almost dead.
You barely miss the adder. The adder bites you but does no damage.
The adder barely misses you.
The ogre hits you with a +0 giant spiked club!!
Ouch! That really hurt!
You die...

###########.####
#.......@SK.....
#..##...#O...###
#.# #...#....#
#.###..##....#
#......# #.....
#..(..## ...#..
#...### ...# .
#.#### #..#
#....####


You could see an ogre, an adder and a kobold.

Vanquished Creatures
  A scorpion (D:3)
  2 adders (D:2)
  A worm (D:2)
  A dart slug (D:1)
  8 bats
  6 endoplasms
  A giant cockroach (D:1)
  3 goblins
  A hobgoblin (D:3)
  2 jackals (D:3)
  A quokka (D:2)
  2 ball pythons (D:3)
  A frilled lizard (D:1)
  3 kobolds
33 creatures vanquished.

Vanquished Creatures (collateral kills)
  2 dart slugs
  4 endoplasms
  A giant cockroach (D:2)
  2 goblins (D:1)
  2 hobgoblins
  A quokka (D:2)
  2 ball pythons
  2 frilled lizards
  3 rats
19 creatures vanquished.

Grand Total: 52 creatures vanquished

Notes
Turn   | Place    | Note
-------+----------+-------------------------------------------
     0 | D:1      | qw the Ghoul Summoner began the quest for the Orb.
     0 | D:1      | Reached XP level 1. HP: 14/14 MP: 2/2
     0 | D:1      | 0 ||| qw: Version: 0.1-a-116-g5d60599
     0 | D:1      | 0 ||| qw: Game counter: 7455
     0 | D:1      | 0 ||| qw: Always use a shield: true
     0 | D:1      | 0 ||| qw: God list: Okawaru
     0 | D:1      | 0 ||| qw: Allow faded altars: false
     0 | D:1      | 0 ||| qw: Do Orc after D:15 true
     0 | D:1      | 0 ||| qw: Do second Lair branch before Depths: true
     0 | D:1      | 0 ||| qw: Lair rune preference: random
     0 | D:1      | 0 ||| qw: Plans: Normal
     0 | D:1      | 0 ||| PLANNING D:1-11
    18 | D:1      | 18 ||| CASTING Summon Small Mammal
    19 | D:1      | 19 ||| CASTING Summon Small Mammal
    88 | D:1      | 88 ||| CASTING Summon Small Mammal
    89 | D:1      | 89 ||| CASTING Summon Small Mammal
   146 | D:1      | 146 ||| CASTING Summon Small Mammal
   147 | D:1      | 147 ||| CASTING Summon Small Mammal
   172 | D:1      | 172 ||| CASTING Summon Small Mammal
   173 | D:1      | 173 ||| CASTING Summon Small Mammal
   182 | D:1      | 182 ||| Stepping ~*~*~tactically~*~*~ (outnumbered).
   184 | D:1      | 184 ||| Stepping ~*~*~tactically~*~*~ (outnumbered).
   185 | D:1      | 185 ||| Stepping ~*~*~tactically~*~*~ (outnumbered).
   186 | D:1      | 186 ||| CASTING Summon Small Mammal
   188 | D:1      | Reached skill level 1 in Axes
   216 | D:1      | 216 ||| Wielding weapon +0 club.
   282 | D:1      | 282 ||| CASTING Summon Small Mammal
   283 | D:1      | 283 ||| CASTING Summon Small Mammal
   288 | D:1      | Reached XP level 2. HP: 20/20 MP: 0/3
   359 | D:1      | 359 ||| CASTING Summon Small Mammal
   360 | D:1      | 360 ||| CASTING Summon Small Mammal
   361 | D:1      | 361 ||| CASTING Summon Small Mammal
   365 | D:1      | Reached skill level 1 in Fighting
   406 | D:1      | 406 ||| CASTING Summon Small Mammal
   407 | D:1      | 407 ||| CASTING Summon Small Mammal
   409 | D:1      | 409 ||| CASTING Summon Small Mammal
   418 | D:1      | 418 ||| CASTING Summon Small Mammal
   477 | D:1      | 477 ||| CASTING Summon Small Mammal
   478 | D:1      | 478 ||| CASTING Summon Small Mammal
   479 | D:1      | 479 ||| CASTING Summon Small Mammal
   484 | D:1      | 484 ||| Stepping ~*~*~tactically~*~*~ (hiding).
   488 | D:1      | 488 ||| CASTING Summon Small Mammal
   576 | D:1      | 576 ||| CASTING Summon Small Mammal
   577 | D:1      | 577 ||| CASTING Summon Small Mammal
   578 | D:1      | 578 ||| CASTING Summon Small Mammal
   723 | D:1      | You fall into a shaft and drop 1 floor!
   727 | D:2      | 727 ||| CASTING Summon Small Mammal
   728 | D:2      | 728 ||| CASTING Summon Small Mammal
   729 | D:2      | 729 ||| CASTING Summon Small Mammal
   766 | D:2      | 766 ||| CASTING Summon Small Mammal
   767 | D:2      | 767 ||| CASTING Summon Small Mammal
   768 | D:2      | 768 ||| CASTING Summon Small Mammal
   779 | D:2      | 779 ||| CASTING Summon Small Mammal
   819 | D:2      | 819 ||| CASTING Summon Small Mammal
   820 | D:2      | 820 ||| CASTING Summon Small Mammal
   821 | D:2      | 821 ||| CASTING Summon Small Mammal
   828 | D:2      | Reached XP level 3. HP: 27/28 MP: 0/4
   871 | D:2      | 871 ||| CASTING Summon Small Mammal
   872 | D:2      | 872 ||| CASTING Summon Small Mammal
   873 | D:2      | 873 ||| CASTING Summon Small Mammal
   874 | D:2      | 874 ||| CASTING Summon Small Mammal
   881 | D:2      | 881 ||| CASTING Summon Small Mammal
   928 | D:2      | 928 ||| DROPPING scarf of harm.
   929 | D:2      | 929 ||| UPGRADING to +0 ring mail.
   939 | D:2      | 939 ||| DROPPING +0 robe.
   940 | D:2      | 940 ||| UPGRADING to +0 pair of gloves.
   945 | D:2      | 945 ||| CASTING Summon Small Mammal
   946 | D:2      | 946 ||| CASTING Summon Small Mammal
   947 | D:2      | 947 ||| CASTING Summon Small Mammal
   948 | D:2      | 948 ||| CASTING Summon Small Mammal
   988 | D:2      | 988 ||| READING scroll labelled SAGAHE KAOCEO.
   989 | D:2      | 989 ||| DRINKING 3 grey potions.
   990 | D:2      | 990 ||| CASTING Summon Small Mammal
   991 | D:2      | 991 ||| CASTING Summon Small Mammal
   992 | D:2      | 992 ||| CASTING Summon Small Mammal
   993 | D:2      | 993 ||| CASTING Summon Small Mammal
  1000 | D:2      | 1000 ||| CASTING Summon Small Mammal
  1007 | D:2      | 1007 ||| Stepping ~*~*~tactically~*~*~ (outnumbered).
  1008 | D:2      | 1008 ||| Stepping ~*~*~tactically~*~*~ (outnumbered).
  1010 | D:2      | 1010 ||| Stepping ~*~*~tactically~*~*~ (outnumbered).
  1011 | D:2      | 1011 ||| Stepping ~*~*~tactically~*~*~ (outnumbered).
  1012 | D:2      | 1012 ||| Stepping ~*~*~tactically~*~*~ (outnumbered).
  1013 | D:2      | 1013 ||| CASTING Summon Small Mammal
  1023 | D:2      | 1023 ||| CASTING Summon Small Mammal
  1031 | D:2      | 1031 ||| CASTING Summon Small Mammal
  1040 | D:2      | 1040 ||| CASTING Summon Small Mammal
  1051 | D:2      | 1051 ||| CASTING Summon Small Mammal
  1062 | D:2      | 1062 ||| CASTING Summon Small Mammal
  1071 | D:2      | 1071 ||| CASTING Summon Small Mammal
  1099 | D:2      | 1099 ||| CASTING Summon Small Mammal
  1100 | D:2      | 1100 ||| CASTING Summon Small Mammal
  1103 | D:2      | 1103 ||| CASTING Summon Small Mammal
  1113 | D:2      | 1113 ||| CASTING Summon Small Mammal
  1124 | D:2      | 1124 ||| CASTING Summon Small Mammal
  1133 | D:2      | 1133 ||| CASTING Summon Small Mammal
  1141 | D:2      | Reached XP level 4. HP: 24/36 MP: 0/5
  1145 | D:2      | 1145 ||| Stepping ~*~*~tactically~*~*~ (stealth).
  1151 | D:2      | 1151 ||| CASTING Summon Small Mammal
  1154 | D:2      | 1154 ||| CASTING Summon Small Mammal
  1221 | D:2      | 1221 ||| Stepping ~*~*~tactically~*~*~ (stealth).
  1241 | D:2      | 1241 ||| CASTING Summon Small Mammal
  1242 | D:2      | 1242 ||| CASTING Summon Small Mammal
  1243 | D:2      | 1243 ||| CASTING Summon Small Mammal
  1244 | D:2      | 1244 ||| CASTING Summon Small Mammal
  1245 | D:2      | 1245 ||| CASTING Summon Small Mammal
  1268 | D:2      | 1268 ||| CASTING Summon Small Mammal
  1269 | D:2      | 1269 ||| CASTING Summon Small Mammal
  1274 | D:2      | 1274 ||| CASTING Summon Small Mammal
  1328 | D:2      | 1328 ||| DROPPING potion of magic.
  1439 | D:1      | 1439 ||| CASTING Summon Small Mammal
  1440 | D:1      | 1440 ||| CASTING Summon Small Mammal
  1441 | D:1      | 1441 ||| CASTING Summon Small Mammal
  1442 | D:1      | 1442 ||| CASTING Summon Small Mammal
  1443 | D:1      | 1443 ||| CASTING Summon Small Mammal
  1507 | D:1      | 1507 ||| CASTING Summon Small Mammal
  1508 | D:1      | 1508 ||| CASTING Summon Small Mammal
  1509 | D:1      | 1509 ||| CASTING Summon Small Mammal
  1510 | D:1      | 1510 ||| CASTING Summon Small Mammal
  1511 | D:1      | 1511 ||| CASTING Summon Small Mammal
  1517 | D:1      | 1517 ||| CASTING Summon Small Mammal
  1603 | D:1      | 1603 ||| CASTING Summon Small Mammal
  1604 | D:1      | 1604 ||| CASTING Summon Small Mammal
  1605 | D:1      | 1605 ||| CASTING Summon Small Mammal
  1606 | D:1      | 1606 ||| CASTING Summon Small Mammal
  1607 | D:1      | 1607 ||| CASTING Summon Small Mammal
  1660 | D:1      | 1660 ||| CASTING Summon Small Mammal
  1661 | D:1      | 1661 ||| CASTING Summon Small Mammal
  1662 | D:1      | 1662 ||| CASTING Summon Small Mammal
  1663 | D:1      | 1663 ||| CASTING Summon Small Mammal
  1664 | D:1      | 1664 ||| CASTING Summon Small Mammal
  1717 | D:1      | 1717 ||| SWAPPING to +0 whip.
  1718 | D:1      | 1718 ||| DROPPING +0 club.
  1787 | D:1      | 1787 ||| CASTING Summon Small Mammal
  1788 | D:1      | 1788 ||| CASTING Summon Small Mammal
  1789 | D:1      | 1789 ||| CASTING Summon Small Mammal
  1790 | D:1      | 1790 ||| CASTING Summon Small Mammal
  1791 | D:1      | 1791 ||| CASTING Summon Small Mammal
  1989 | D:1      | 1989 ||| UPGRADING to +0 scale mail.
  1999 | D:1      | 1999 ||| DROPPING +0 ring mail.
  2000 | D:1      | 2000 ||| READING scroll labelled LYHOL JAAJICU.
  2001 | D:1      | 2001 ||| READING scroll labelled PEHOVV CARE.
  2004 | D:1      | 2004 ||| DRINKING 4 glowing inky potions.
  2095 | D:2      | Found a faded altar of an unknown god.
  2132 | D:2      | 2132 ||| SWAPPING to +0 war axe.
  2402 | D:2      | 2402 ||| READING scroll labelled MAWNE IRIGGI.
  2403 | D:2      | 2403 ||| READING scroll labelled FEC UMEHIDE.
  2465 | D:3      | 2465 ||| Stepping ~*~*~tactically~*~*~ (stealth).
  2522 | D:3      | Noticed a scorpion
  2541 | D:3      | Killed a scorpion
  2542 | D:3      | Reached skill level 3 in Axes
  2542 | D:3      | Reached XP level 5. HP: 14/41 MP: 6/6
  2652 | D:3      | 2652 ||| Stepping ~*~*~tactically~*~*~ (stealth).
  2797 | D:3      | 2797 ||| Stepping ~*~*~tactically~*~*~ (stealth).
  2799 | D:3      | 2799 ||| Stepping ~*~*~tactically~*~*~ (stealth).
  2804 | D:3      | Noticed an ogre
  2806 | D:3      | 2806 ||| Stepping ~*~*~tactically~*~*~ (stealth).
  2811 | D:3      | Slain by an ogre

Levels and vault maps discovered:
D:1:      lightli_arrival_noodles, layout_basic, amethyst_killhole,
          minmay_small_reverse_x
D:2:      layout_rooms, dreamdust_ecumenical_altar_statues,
          minmay_misc_feat_roman
D:3:      minmay_recursive_quarters, layout_loops_ring,
          mainiacjoe_overflow_tiny_flanked, uniq_ijyb

Skill      XL: |  1  2  3  4 |
---------------+-------------+-----
Axes           | 1 2 3 |  3.8
Fighting       | 1 2 |  2.0
Dodging        | |  1.7
Stealth        | |  2.1
Spellcasting   | |  1.7
Summonings     | |  3.6

Action                   |  1- 3 |  4- 6 || total
-------------------------+-------+-------++-------
Melee: Unarmed           |     4 |       ||     4
       Club              |    90 |    16 ||   106
       War axe           |       |    54 ||    54
       Whip              |       |     2 ||     2
       Punch             |       |     1 ||     1
 Cast: Summon Small Mamm |    53 |    28 ||    81
  Use: Scroll            |     1 |     4 ||     5
       Potion            |     1 |     1 ||     2
Armor: Robe              |     8 |       ||     8
       Ring mail         |    48 |    11 ||    59
       Scale mail        |       |    29 ||    29
Dodge: Dodged            |    84 |    47 ||   131

Table legend:
 A = Non-vault XP
 B = Vault XP
 C = Vault XP percentage of total XP
 D = Non-vault monster count
 E = Vault monster count
 F = Vault count percentage of total count
                 A         B        C        D         E       F
            +---------+---------+-------+---------+---------+-------
      Total |     103 |     100 |  49.3 |      42 |      10 |  19.2
            +---------+---------+-------+---------+---------+-------
        D:1 |      30 |       7 |  18.9 |      16 |       4 |  20.0
        D:2 |      68 |       0 |   0.0 |      23 |       0 |   0.0
        D:3 |       5 |      93 |  94.9 |       3 |       6 |  66.7
            +---------+---------+-------+---------+---------+-------
